 Dungeon Crawl Stone Soup version 0.31-a0-489-g282fc92437 (webtiles) character file.

Game seed: 17694004602709037238

109 EC1 the Chiller (level 5, -16/39 HPs)
             Began as a Human Wanderer on Aug 8, 2023.
             Demolished by an orc wizard
             ... wielding a +2 dagger of distortion
              (20 damage)
             ... on level 2 of the Dungeon.
             The game lasted 00:05:30 (1424 turns).

EC1 the Chiller (Human Wanderer)                    Turns: 1424, Time: 00:05:31

Health: -16/39     AC:  3    Str:  9    XL:     5   Next: 13%
Magic:  3/9        EV: 16    Int: 15    God:
Gold:   106        SH:  0    Dex: 18    Spells: 5/9 levels left

rFire   . . .        a - +2 quarterstaff
rCold   . . .        (shield currently unavailable)
rNeg    . . .        i - +1 robe "Sost" {Dex+3}
rPois   .            (no helmet)
rElec   .            (no cloak)
rCorr   .            (no gloves)
SInv    .            (no boots)
Will    .....        (no amulet)
Stlth   ++           f - +5 ring of evasion
HPRegen 0.26/turn    (no ring)
MPRegen 0.11/turn

%: no passive effects
@: no status effects
A: no striking features
a: no special abilities


You were on level 2 of the Dungeon.
You visited 1 branch of the dungeon, and saw 3 of its levels.

You collected 106 gold pieces.

Inventory:

Hand Weapons
 a - a +2 quarterstaff (weapon)
 g - a +0 quarterstaff
Armour
 c - a +0 robe
 i - the +1 robe "Sost" (worn) {Dex+3}
   (You found it on level 2 of the Dungeon)

   Dex:       It affects your dexterity (+3).
 k - a +0 plate armour
Jewellery
 f - a +5 ring of evasion (left hand)
Wands
 l - a wand of mindburst (13)
Scrolls
 j - a scroll of immolation
Potions
 b - a potion of berserk rage
 d - 2 potions of invisibility
 e - 2 potions of heal wounds
 h - a potion of curing {unknown}


   Skills:
 + Level 2.3 Fighting
 + Level 2.1 Staves
 + Level 0.6 Dodging
 + Level 0.6 Stealth
 + Level 2.9 Spellcasting
 + Level 5.6 Ice Magic


You had 5 spell levels left.
You knew the following spells:

 Your Spells              Type           Power      Damage    Failure   Level
a - Freeze                Ice            76%        1d8       1%          1
b - Frozen Ramparts       Ice            38%        1d6       6%          3

Your spell library contained the following spells:

 Spells                   Type           Power      Damage    Failure   Level
 Hailstorm                Conj/Ice       10%        3d5       19%         3


Dungeon Overview and Level Annotations

Branches:
Dungeon (3/15)

Altars:


Message History

The wall freezes the orc.
You kill the orc!
The wall freezes the orc wizard.
The orc wizard casts a spell at you. The magic dart hits you!
The wall freezes something.
Something hits you.
The wall freezes the hobgoblin.
The wall freezes something.
Reactivating autopickup.
You feel a bit more experienced.
The wall freezes the orc wizard but does no damage.
The orc wizard gestures at you while chanting.
The puff of flame hits you!
* * * LOW HITPOINT WARNING * * *
You have reached level 5!
Casting: Frozen Ramparts (dangerous; 6% risk of failure)
Confirm with . or Enter, or press ? or * to list all spells.
Aiming: Freeze (safe; 1% risk of failure)
Press: ? - help, Shift-Dir - straight line, f - orc wizard
Aim: an orc wizard, wielding a +2 dagger of distortion and wearing a +0 robe (moderately wounded)
You freeze the orc wizard.
The orc wizard is heavily wounded.
The frozen ramparts melt away.
The orc wizard casts a spell at you. The magic dart hits you.
* * * LOW HITPOINT WARNING * * *
The hobgoblin hits you.
* * * LOW HITPOINT WARNING * * *
The orc wizard barely misses you.
You climb upwards.
There is a stone staircase leading down here.
Casting: Freeze (safe; 1% risk of failure)
Confirm with . or Enter, or press ? or * to list all spells.
Aiming: Freeze (safe; 1% risk of failure)
Press: ? - help, Shift-Dir - straight line, f - hobgoblin
Aim: a hobgoblin (severely wounded)
You freeze the hobgoblin.
You kill the hobgoblin!
The orc wizard hits you but does no damage.
Space warps horribly around you!!
Ouch! That really hurt!
You die...

##....#...####..........####
######<.................####.# #
.............#####....#.# #.####
........##..## #......# #.#...
.......###.#######....### #.#.##
......###..##.........######...#
.....># #.###.........#.......###
......###........†...............
##...###..###...@......##........
#..###....# #.>..o.....##........
#.(....##.###.........###........
######...........#...## #######..
#.###.###.......####### #.. #.#
#.#......##.......####..
#.###....######.###..[...†..
###.##....## ##..# #.........
#.........# #..## ##........


You could see an orc wizard.

Vanquished Creatures
  Terence (D:2)
  An orc wizard (D:3)
  3 dart slugs (D:1)
  2 orcs (D:3)
  2 endoplasms (D:1)
  3 giant cockroaches (D:1)
  7 hobgoblins
  4 jackals (D:1)
  5 kobolds
  A quokka (D:1)
  4 ball pythons (D:1)
  7 bats
  2 frilled lizards
  3 goblins (D:1)
  3 rats
48 creatures vanquished.

Notes
Turn   | Place    | Note
-------+----------+-------------------------------------------
     0 | D:1      | EC1 the Human Wanderer began the quest for the Orb.
     0 | D:1      | EC1 set off with the following items: a +1 quarterstaff, a
                  | potion of berserk rage, a +0 robe; and the following spell
                  | memorised: Freeze; and the following spells available to
                  | memorise: Frozen Ramparts, Hailstorm.
     0 | D:1      | Reached XP level 1. HP: 16/16 MP: 3/3
   108 | D:1      | Reached XP level 2. HP: 18/22 MP: 0/5
   256 | D:1      | Reached XP level 3. HP: 27/27 MP: 6/6
   423 | D:1      | Learned a level 3 spell: Frozen Ramparts
   964 | D:2      | Noticed Terence
   972 | D:2      | Killed Terence
   973 | D:2      | Reached XP level 4. HP: 23/33 MP: 2/7
  1092 | D:2      | Identified the +1 robe "Sost" {Dex+3}
  1421 | D:3      | Reached XP level 5. HP: 11/39 MP: 4/9
  1424 | D:2      | Demolished by an orc wizard

Illustrated notes

Levels and vault maps discovered:
D:1:      saegor_arrival_simple_c, layout_loops_ring
D:2:      layout_rooms, chequers_serial_rivers_micro_c, uniq_terence
D:3:      layout_loops_corners, gammafunk_temple_overflow_wave

Skill      XL: |  1  2  3 |
---------------+----------+-----
Staves         | 2 |  2.1
Fighting       | |  2.3
Dodging        | |  0.6
Stealth        | |  0.6
Spellcasting   | |  2.9
Ice Magic      | |  5.6

Action                     |  1- 3 |  4- 6 || total
---------------------------+-------+-------++-------
  Melee: Quarterstaff      |    36 |     3 ||    39
   Cast: Freeze            |    25 |     7 ||    32
         Frozen Ramparts   |     1 |     3 ||     4
    Use: Scroll            |     3 |     3 ||     6
   Stab: Sleeping          |     1 |       ||     1
 Armour: Robe              |     8 |     3 ||    11
  Dodge: Dodged            |    53 |    13 ||    66

Table legend: (Time is in decaauts)
 A = Elapsed time spent in this place.
 B = Non-inter-level travel time spent in this place.
 C = Inter-level travel time spent in this place.
 D = Time resting spent in this place.
 E = Time spent auto-exploring this place.
 F = Levels seen in this place.
 G = Mean time per level.
                   A        B        C        D        E       F      G
               +--------+--------+--------+--------+--------+-----+--------+
         Total |   1432 |   1395 |     37 |    181 |    644 |   3 |  477.3 |
       Dungeon |   1432 |   1395 |     37 |    181 |    644 |   3 |  477.3 |
               +--------+--------+--------+--------+--------+-----+--------+

Top non-repeatable levels by time:
     D:1: 910 daAuts
     D:2: 513 daAuts
     D:3: 8 daAuts
